 Dungeon Crawl Stone Soup version 0.23.2-40-g277498a001 (webtiles) character file.

Game seed: 8219871329227196381

243 FishyPogo the Skirmisher (level 5, 0/47 HPs)
             Began as a Centaur Monk on Aug 15, 2019.
             Was a Plaything of Xom.
             Slain by an orc priest
             ... wielding a +0 hand axe
              (1 damage)
             ... on level 4 of the Dungeon.
             The game lasted 00:06:49 (3124 turns).

FishyPogo the Skirmisher (Centaur Monk)             Turns: 3124, Time: 00:06:50

Health: 0/47       AC:  4    Str: 15    XL:     5   Next: 82%
Magic:  5/5        EV: 10    Int:  9    God:    Xom [...*..]
Gold:   202        SH:  4    Dex: 11    Spells: 4/4 levels left

rFire    . . .     SeeInvis .   a - +0 hand axe
rCold    . . .     Gourm    .   w - +0 buckler
rNeg     . . .     Faith    .   d - +0 leather armour
rPois    .         Spirit   .   (no helmet)
rElec    .         Reflect  .   (no cloak)
rCorr    .         Harm     .   (no gloves)
MR       +....                  (no barding)
Stlth    +.........             (no amulet)
HPRegen  0.15/turn              f - ring of protection from magic
MPRegen  0.09/turn              (no ring)

@: very quick
A: large, hooves 3, deformed body, speed 2, tough skin 3
a: Renounce Religion


You were on level 4 of the Dungeon.
You worshipped Xom.
You were a favourite toy of Xom.
You were hungry.

You visited 1 branch of the dungeon, and saw 4 of its levels.

You collected 202 gold pieces.

Inventory:

Hand Weapons
 a - a +0 hand axe (weapon)
Missiles
 i - 168 stones
 l - 23 arrows
 s - 3 tomahawks (quivered)
Armour
 d - a +0 leather armour (worn)
 j - a cursed +0 plate armour
 w - a +0 buckler (worn)
Jewellery
 f - a ring of protection from magic (left hand)
Wands
 y - a wand of disintegration (19)
Scrolls
 g - a scroll of identify {unknown}
 h - 4 scrolls of teleportation {unknown}
 k - a scroll of fear {unknown}
 o - a scroll of immolation {unknown}
 p - 2 scrolls of remove curse {unknown}
 q - 2 scrolls of blinking {unknown}
 r - 2 scrolls of magic mapping {unknown}
 v - a scroll of enchant weapon {unknown}
Potions
 b - 2 potions of invisibility {unknown}
 e - 2 potions of flight {unknown}
 m - 3 potions of might {unknown}
 n - a potion of lignification {unknown}
 t - 2 potions of curing {unknown}
 u - a potion of heal wounds {unknown}
 x - 2 potions of mutation {unknown}
Comestibles
 c - 6 rations


   Skills:
 + Level 4.3 Fighting
 + Level 3.5 Axes
 + Level 3.0 Dodging
 - Level 1.1 Stealth
 * Level 1.7 Shields
 * Level 1.2 Evocations


You had 4 spell levels left.
You didn't know any spells.
Your spell library was empty.

Dungeon Overview and Level Annotations

Branches:
Dungeon (4/15)
 Temple: D:4-7

Altars:
Nemelex Xobeh
Xom


Innate Abilities, Weirdness & Mutations

You have hooves in place of feet.
Armour fits poorly on your strangely shaped body.
You cover ground very quickly.
You have extremely tough skin. (AC +3)


Message History

The orc wizard gestures at you while chanting.
The puff of flame hits you!
* * * LOW HITPOINT WARNING * * *
You closely miss the orc wizard. You kick the orc wizard.
You kill the orc wizard!
You hit the orc priest.
The orc priest is lightly wounded.
Xom's power touches on a nearby monster.
The orc priest suddenly seems more resistant.
You block the orc priest's attack.
You hit the orc priest.
You kick the orc priest, but do no damage.
The orc priest is heavily wounded.
The orc priest hits you with a +0 hand axe!
* * * LOW HITPOINT WARNING * * *
Xom is mildly amused.
You barely miss the orc priest.
The orc priest is heavily wounded.
The orc priest hits you with a +0 hand axe.
You die...

...).....# ##..# ...
#####....# ##.... ...
###..# ##.).#. .... ##.##
##...##. #.... ##..##
##...##.. #...#
##....###......)) #.(..###
#..........)...#)
#..(...###....[....######.
#.....(oo@.........# #.
#.....#####.....##..## ##
..... #......###..# # o.o.
#.....## ##.# # ##.
#.##..# #.## # # #.####.#
###..# ##. ...
#..##....###.. ....
##............ ......
#..#####..#..#


You could see an orc priest and an orc.

Vanquished Creatures
  An orc wizard (D:4)
  A hound skeleton (D:4)
  An ooze (D:2)
  An adder skeleton (D:4)
  A dart slug (D:4)
  A leopard gecko (D:1)
  6 orcs
  5 bats
  3 giant cockroaches
  2 goblins (D:1)
  6 hobgoblins
  4 jackals (D:2)
  A ball python (D:2)
  4 frilled lizards
  8 kobolds
  A quokka skeleton (D:4)
  9 rats
55 creatures vanquished.

Vanquished Creatures (collateral kills)
  An ogre (D:4)
  2 orc wizards (D:4)
  An orc priest (D:4)
  A worker ant (D:4)
  A leopard gecko (D:4)
  2 orcs (D:4)
8 creatures vanquished.

Vanquished Creatures (others)
  5 toadstools (D:1)
5 creatures vanquished.

Grand Total: 68 creatures vanquished

Notes
Turn   | Place    | Note
-------+----------+-------------------------------------------
     0 | D:1      | FishyPogo the Centaur Monk began the quest for the Orb.
     0 | D:1      | Reached XP level 1. HP: 19/19 MP: 1/1
   328 | D:1      | Reached XP level 2. HP: 26/26 MP: 2/2
   923 | D:2      | Reached XP level 3. HP: 22/31 MP: 3/3
  1078 | D:2      | Found a faded altar of an unknown god.
  1088 | D:2      | Became a worshipper of Xom the Begetter of Turbulence
  2159 | D:3      | Found a sparkling altar of Nemelex Xobeh.
  2405 | D:3      | XOM: scenery: create altars
  2486 | D:4      | Reached skill level 4 in Fighting
  2505 | D:4      | Reached XP level 4. HP: 27/40 MP: 4/4
  2608 | D:4      | XOM: cloud trail
  2629 | D:4      | XOM: 7-stop teleportation journey
  2634 | D:4      | XOM: cast spell 'Summon Dragon'
  2663 | D:4      | Reached skill level 1 in Shields
  2681 | D:4      | Reached XP level 5. HP: 12/46 MP: 5/5
  2766 | D:4      | XOM: polymorph storm dragon -> ghost moth
  2829 | D:4      | XOM: god gift: forked gold wand {god gift}
  2906 | D:4      | Noticed an ogre
  2911 | D:4      | XOM: smoke on damage
  2912 | D:4      | XOM: butterfly on damage
  2929 | D:4      | Killed an ogre
  2929 | D:4      | Reached skill level 1 in Evocations
  3122 | D:4      | XOM: enchant monster (bad)
  3123 | D:4      | HP: 1/47 [orc priest/+0 hand axe (10)]
  3124 | D:4      | Slain by an orc priest

Skill      XL: |  1  2  3  4  5 |
---------------+----------------+-----
Axes           | 3 |  3.5
Fighting       | 4 |  4.3
Shields        | 1 |  1.7
Dodging        | 3 |  3.0
Evocations     | 1 |  1.2
Stealth        | |  1.1

Action                   |  1- 3 |  4- 6 || total
-------------------------+-------+-------++-------
Melee: Hand axe          |   128 |    29 ||   157
       Kick              |    23 |     9 ||    32
Throw: Tomahawk          |       |     7 ||     7
       Stone             |       |     1 ||     1
  Eat: Chunk             |     3 |     1 ||     4
Armor: Robe              |     5 |       ||     5
       Leather armour    |    42 |     5 ||    47
Dodge: Dodged            |    80 |     9 ||    89
Block: Buckler           |     3 |     2 ||     5
